 Dungeon Crawl Stone Soup version 0.27.1-33-g824d729ab1 (webtiles) character file.

Game seed: 12314088123134363841

1 spaghetti the Sneak (level 1, -2/18 HPs)
             Began as a Mummy Delver on Dec 15, 2021.
             Slain by a worm (7 damage)
             ... on level 4 of the Dungeon.
             The game lasted 00:01:07 (394 turns).

spaghetti the Sneak (Mummy Delver)                   Turns: 394, Time: 00:01:08

Health: -2/18      AC:  3    Str: 15    XL:     1   Next: 16%
Magic:  1/1        EV: 11    Int:  9    God:
Gold:   15         SH:  0    Dex: 13    Spells: 0/0 levels left

rFire    x . .     SeeInvis .   a - +0 mace
rCold    + . .     Faith    .   (no shield)
rNeg     + + +     Spirit   .   b - +0 leather armour
rPois    ∞         Reflect  .   (no helmet)
rElec    .         Harm     .   (no cloak)
rCorr    .         Rampage  .   (no gloves)
Will     .....                  (no boots)
Stlth    ++........             (no amulet)
HPRegen  0.06/turn              (no ring)
MPRegen  0.07/turn              (no ring)

@: no status effects
A: cold resistance 1, negative energy resistance 3, torment resistance 2, heat
vulnerability 1, no potions
a: no special abilities


You were on level 4 of the Dungeon.
You visited 1 branch of the dungeon, and saw 3 of its levels.

You collected 15 gold pieces.

Inventory:

Hand Weapons
 a - a +0 mace (weapon)
Armour
 b - a +0 leather armour (worn)
Wands
 f - a wand of digging (3)
Scrolls
 c - a scroll of fog
 d - a scroll of magic mapping


   Skills:
 + Level 3.0 Fighting
 - Level 1.5 Maces & Flails
 - Level 1.5 Dodging
 - Level 4.1 Stealth


You couldn't memorise any spells.
You didn't know any spells.
Your spell library was empty.

Dungeon Overview and Level Annotations

Branches:
Dungeon (6/15)             Temple (0/1) D:6

Altars:

Annotations:
D:4 1 runed translucent door, 2 exclusions, lonewolfV2's ghost, amateur DDNe


Innate Abilities, Weirdness & Mutations

You are immune to poison.
Your flesh is cold resistant. (rC+)
You are immune to negative energy. (rN+++)
You are immune to unholy pain and torment.
You are vulnerable to heat. (rF-)
You do not drink.


Message History

You barely miss the orc wizard.
The orc wizard hits you with a +0 dagger.
You closely miss the orc wizard.
The orc wizard hits you but does no damage.
A howler monkey comes into view.
As you read the scroll of fear, it crumbles to dust.
You assume a fearsome visage.
The howler monkey looks frightened!
The orc wizard looks frightened!
The orc wizard mumbles some strange words.
The orc wizard flickers and vanishes!
Deactivating autopickup; reactivate with Ctrl-A.
You miss something.
There is a stone staircase leading up here.
You climb upwards.
Level annotation: 1 runed translucent door, 2 exclusions, lonewolfV2's ghost, amateur DDNe The gnoll shouts!
Reactivating autopickup.
The gnoll shouts!
A hobgoblin comes into view.
There is a stone staircase leading down here.
Unknown command.
You climb downwards.
There is a stone staircase leading up here.
You open the door.
There is an open door here.
There is a stone staircase leading up here.
You climb upwards.
Level annotation: 1 runed translucent door, 2 exclusions, lonewolfV2's ghost, amateur DDNe The goblin shouts!
The gnoll shouts!
The gnoll hits you from afar with a +0 spear.
The goblin hits you with a +0 club. The worm misses you.
There is a stone staircase leading down here.
Okay, then.
You can't drink.
You closely miss the goblin.
The gnoll hits you from afar with a +0 spear.
The goblin hits you with a +0 club.
* * * LOW HITPOINT WARNING * * *
The gnoll barely misses you. The worm bites you!
You die...

# #.# #.# #.# ..
#.# # ..+ # #.#
#.# #..# ### #g#
#..# ... #@#
#..##... #w#
#..#.... #g#
#..#.g.. #.#
#.....## #.#
#######.#..## #.#
#..........#
#.####.##.##.##.#
#....wg...##.##.##
####'#....##.# .#.


You could see a worm, a gnoll and a goblin.

Vanquished Creatures
  An endoplasm (D:4)
1 creature vanquished.

Notes
Turn   | Place    | Note
-------+----------+-------------------------------------------
     0 | D:5      | spaghetti the Mummy Delver began the quest for the Orb.
     0 | D:5      | Reached XP level 1. HP: 18/18 MP: 1/1
    15 | D:4      | Found a runed translucent door.
    19 | D:4      | Noticed lonewolfV2's ghost (amateur DDNe)
    21 | D:4      | Noticed a bullfrog
   359 | D:6      | Noticed an orc wizard
   359 | D:6      | Noticed an orc priest
   359 | D:6      | Noticed an orc wizard
   359 | D:6      | Found a staircase to the Ecumenical Temple.
   363 | D:5      | Noticed a howler monkey
   394 | D:4      | Slain by a worm

Illustrated notes

Levels and vault maps discovered:
D:4:      layout_basic, ebering_ghost_sewer_f, glass_columns_a
D:5:      layout_gridville, mainiacjoe_overflow_surrounded_room,
          patterned_corridor
D:6:      wad_lake_hut, layout_basic, minmay_temple_entry_trees

Action                   || total
-------------------------++-------
Melee: Mace              ||     6
  Use: Scroll            ||     2
Armor: Leather armour    ||     1
Dodge: Dodged            ||     5
